 Dungeon Crawl Stone Soup version 0.27-a0-1046-g98bf31544f (webtiles) character file.

Game seed: 14827429502357771507

24 Jannitor the Skirmisher (level 3, 0/30 HPs)
             Began as a Djinni Chaos Knight on Apr 19, 2021.
             Was a Plaything of Xom.
             Slain by a kobold
             ... wielding a +0 hand axe
              (3 damage)
             ... on level 2 of the Dungeon.
             The game lasted 00:01:27 (827 turns).

Jannitor the Skirmisher (Djinni Chaos Knight)        Turns: 827, Time: 00:01:28

Health: 0/30       AC:  5    Str: 11    XL:     3   Next: 2%
Gold:   8          EV: 12    Int: 14    God:    Xom [..*...] SH:  0 Dex: 12

rFire    + + .     SeeInvis .   a - +0 short sword (chaos)
rCold    x . .     Faith    .   (no shield)
rNeg     . . .     Spirit   .   b - +2 leather armour
rPois    ∞         Reflect  .   (no helmet)
rElec    .         Harm     .   (no cloak)
rCorr    .         Rampage  .   (no gloves)
Will     .....                  (boots unavailable)
Stlth    +.........             (no amulet)
HPRegen  0.10/turn              (no ring)
MPRegen  0.00/turn              (no ring)

@: brilliant, flying, very slightly contaminated
A: fire resistance 2, cold vulnerability 1, float, innate caster, hp casting,
extra vitality 1
a: Renounce Religion


You were on level 2 of the Dungeon.
You worshipped Xom.
You were a toy of Xom.
You visited 1 branch of the dungeon, and saw 2 of its levels.

You collected 8 gold pieces.

Inventory:

Hand Weapons
 a - a +0 short sword of chaos (weapon)
Armour
 b - a +2 leather armour (worn)
Scrolls
 c - a scroll of identify
 d - a scroll of brand weapon


   Skills:
 + Level 3.2 Fighting
 + Level 2.8 Short Blades
 + Level 1.4 Armour
 + Level 2.5 Dodging
 * Level 1.0 Stealth


You had one spell level left.
You knew the following spells:

 Your Spells              Type           Power      Damage    Failure   Level
a - Shock                 Conj/Air       0%         1d3       36%         1
Your spell library was empty.

Dungeon Overview and Level Annotations

Branches:
Dungeon (2/15)

Altars:

Annotations:
D:2 Jessica


Innate Abilities, Weirdness & Mutations

You are immune to poison.
Your flesh is very heat resistant. (rF++)
You are vulnerable to cold. (rC-)
You float through the air rather than walking.
You learn spells naturally, not from books.
Your magical power is your life essence.
You have superior vitality. (+4 HP)


Message History

The zap hits Jessica.
Jessica completely resists.
Jessica is lightly wounded.
The zap hits Jessica.
Jessica resists.
Jessica is moderately wounded.
The kobold hits you with a +0 hand axe.
* * * LOW HITPOINT WARNING * * *
It was a potion of brilliance.
You feel clever all of a sudden.
Xom thinks this is hilarious!
The kobold hits you but does no damage. Jessica hits you with a +0 dagger.
* * * LOW HITPOINT WARNING * * *
Unknown command.
Casting: Shock (safe; 36% risk of failure)
Confirm with . or Enter, or press ? or * to list all spells.
Aiming: Shock (safe; 36% risk of failure)
Press: ? - help, Shift-Dir - straight line
Okay, then.
Unknown command.
As you read the scroll labelled LUABUA IZADUCK, it crumbles to dust.
It is a scroll of identify.
d - a scroll of brand weapon The kobold closely misses you.
Jessica closely misses you.
As you read the scroll labelled GUOL QIMAAWY, it crumbles to dust.
You feel aware of your surroundings.
You sensed 1 shop/portal.
It was a scroll of magic mapping.
The kobold barely misses you. Jessica hits you but does no damage.
You aren't carrying any potions.
Unknown command.
Okay, then.
Unknown command.
Unknown command.
Unknown command.
Casting: Shock (safe; 36% risk of failure)
Confirm with . or Enter, or press ? or * to list all spells.
Aiming: Shock (safe; 36% risk of failure)
Press: ? - help, Shift-Dir - straight line You feel a surge of power!
You miscast Shock.
Nothing appears to happen.
* * * LOW HITPOINT WARNING * * *
The kobold hits you with a +0 hand axe.
You die...

* *,*,,*,*,*,* #..#..##..#*,* *
*,*,,,,,,#.###..#...†..#*,****
*
*,*,,*,**#........##...#*,,,,*
*
*,*,,*,,,S..##..####...#****,*
****,,,,,****,**#....†.†..# *,*
,,,*,,**,* *,* ##.####.)## *,*
**,*,,**,** *<* #.# #@.# *,*
*,*,,*,,.###.####.####..# *,*
*,*,,,,,......K@@.#..†..# *,*
*,**,*,,>#.########.##.## *,*
*,**,**,**,** *#<##.# *,*
*,,,,**,*,,,*****#.#.#.# *,,
***,,,,,,,,,,,,,..###..# ***
***,,,,,,*,,,***###,#.###
,,,,,,,,,**,** *#.#*
***,,,,,***,* #.**********
,,,*,,,****,*******#,,,,,,,,,,*


You could see Jessica (resistant) and a kobold.

Vanquished Creatures
  2 bats
  An endoplasm (D:1)
  4 giant cockroaches (D:1)
  2 goblins
  2 kobolds (D:1)
  2 quokkas
  2 ball pythons
  3 frilled lizards
  5 rats
23 creatures vanquished.

Vanquished Creatures (others)
  A bat (D:2)
1 creature vanquished.

Grand Total: 24 creatures vanquished

Notes
Turn   | Place    | Note
-------+----------+-------------------------------------------
     0 | D:1      | Jannitor the Djinni Chaos Knight began the quest for the
                  | Orb.
     0 | D:1      | Reached XP level 1. HP: 20/20 MP: 0/0
   169 | D:1      | Found a faded altar of an unknown god.
   194 | D:1      | XOM: silly message
   233 | D:1      | XOM: silly message
   235 | D:1      | Reached XP level 2. HP: 23/25 MP: 0/0
   293 | D:1      | XOM: 7-stop teleportation journey
   480 | D:1      | XOM: cloud trail
   659 | D:1      | XOM: god gift: glowing glaive {god gift}
   783 | D:2      | XOM: cleaving
   793 | D:2      | XOM: destruction
   804 | D:2      | Reached skill level 1 in Stealth
   805 | D:2      | XOM: blink monster(s)
   806 | D:2      | Noticed Jessica
   809 | D:2      | Reached XP level 3. HP: 25/30 MP: 0/0
   809 | D:2      | Learned a level 1 spell: Shock
   827 | D:2      | Slain by a kobold

Illustrated notes

Levels and vault maps discovered:
D:1:      amcnicky_arrival_double_pillar, layout_loops_cross,
          chequers_ecumenical_altar_simple_redux, minmay_worlds_worst_comb
D:2:      layout_loops_ring, serial_shops, shop, uniq_jessica

Skill      XL: |  1  2 |
---------------+-------+-----
Stealth        | 1 |  1.0
Fighting       | |  3.2
Short Blades   | |  2.8
Armour         | |  1.4
Dodging        | |  2.5

Action                   || total
-------------------------++-------
Melee: Short sword       ||    66
 Cast: Shock             ||     2
  Use: Scroll            ||     2
       Potion            ||     1
 Stab: Sleeping          ||     1
Armor: Leather armour    ||    25
Dodge: Dodged            ||    37

Table legend: (Time is in decaauts)
 A = Elapsed time spent in this place.
 B = Non-inter-level travel time spent in this place.
 C = Inter-level travel time spent in this place.
 D = Time resting spent in this place.
 E = Time spent auto-exploring this place.
 F = Levels seen in this place.
 G = Mean time per level.
                   A        B        C        D        E       F      G
               +--------+--------+--------+--------+--------+-----+--------+
         Total |    823 |    776 |     47 |      0 |    627 |   2 |  411.5 |
       Dungeon |    823 |    776 |     47 |      0 |    627 |   2 |  411.5 |
               +--------+--------+--------+--------+--------+-----+--------+

Top non-repeatable levels by time:
     D:1: 770 daAuts
     D:2: 53 daAuts
